 Dungeon Crawl Stone Soup version 0.30-a0-389-g8d7d949f56 (webtiles) character file.

Game seed: 17158596427632647234

51 p00ps00p the Trooper (level 3, 0/33 HPs)
             Began as a Hill Orc Fighter on Dec 4, 2022.
             Slain by a gnoll
             ... wielding a +0 flail
              (5 damage)
             ... on level 2 of the Dungeon.
             The game lasted 00:01:49 (796 turns).

p00ps00p the Trooper (Hill Orc Fighter)              Turns: 796, Time: 00:01:50

Health: 0/33       AC:  7    Str: 20    XL:     3   Next: 83%
Magic:  3/3        EV:  9    Int:  8    God:
Gold:   63         SH:  4    Dex: 10    Spells: 2/2 levels left

rFire   . . .      SeeInvis .    a - +0 war axe
rCold   . . .      Faith    .    c - +0 buckler
rNeg    . . .      Spirit   .    b - +0 scale mail
rPois   .          Reflect  .    (no helmet)
rElec   .          Harm     .    (no cloak)
rCorr   .          Rampage  .    (no gloves)
Will    .....                    (no boots)
Stlth   ..........               (no amulet)
HPRegen 0.25/turn                (no ring)
MPRegen 0.08/turn                (no ring)

@: mighty
A: no striking features
a: no special abilities


You were on level 2 of the Dungeon.
You visited 1 branch of the dungeon, and saw 2 of its levels.

You collected 63 gold pieces.

Inventory:

Hand Weapons
 a - a +0 war axe (weapon)
Missiles
 f - 2 poisoned darts (quivered)
 n - 6 atropa-tipped darts
Armour
 b - a +0 scale mail (worn)
 c - a +0 buckler (worn)
Scrolls
 g - a scroll of immolation {unknown}
 k - a scroll of teleportation {unknown}
 l - a scroll of amnesia {unknown}
Potions
 d - a potion of might
 i - a potion of brilliance
 j - a potion of lignification {unknown}
 m - a potion of attraction {unknown}


   Skills:
 + Level 4.2 Fighting
 + Level 3.5 Axes
 + Level 3.8 Armour
 + Level 3.8 Shields


You had 2 spell levels left.
You didn't know any spells.
Your spell library was empty.

Dungeon Overview and Level Annotations

Branches:
Dungeon (2/15)

Altars:


Message History

You block the gnoll's attack.
The gnoll hits you from afar with a +0 spear.
The adder bites you but does no damage.
You are too injured to fight recklessly!
Unknown command.
You are too injured to fight recklessly!
Unknown command.
You are too injured to fight recklessly!
Unknown command.
You are too injured to fight recklessly!
You barely miss the gnoll. You slash the adder!
You kill the adder!
The gnoll hits you from afar with a +0 spear.
The gnoll hits you with a +0 flail. The gnoll barely misses you.
The giant cockroach closely misses you.
You hit the gnoll.
The gnoll is lightly wounded.
You barely miss the giant cockroach. You block the gnoll's attack.
The gnoll hits you with a +0 flail.
* * * LOW HITPOINT WARNING * * *
The gnoll closely misses you.
The giant cockroach bites you but does no damage.
The giant cockroach closely misses you. You block the gnoll's attack.
The gnoll hits you but does no damage. The gnoll barely misses you.
You barely miss the gnoll.
The gnoll is lightly wounded.
You hit the giant cockroach.
You kill the giant cockroach!
The gnoll hits you but does no damage. The gnoll barely misses you.
The gnoll hits you but does no damage.
You slash the goblin!
You kill the goblin!
You closely miss the gnoll. You barely miss the rat.
You block the gnoll's attack. x2; The rat bites you.
* * * LOW HITPOINT WARNING * * *
The gnoll hits you from afar with a +0 spear.
* * * LOW HITPOINT WARNING * * *
The rat bites you but does no damage. The gnoll barely misses you.
The gnoll hits you with a +0 flail.
You die...

...............
...........>...
...............
...............
..<.
..................
##...
............#
...##....
......gg...#
#...#....
......r@...#
........
#####.#.g###
#...... #.#.##
#..... #...+
#..... ###.##
##..#.. #..###
###.....# ##...#
#...##.## ###.##
##.#....#
#..###.....###


You could see 3 gnolls and a rat.

Vanquished Creatures
  2 adders (D:2)
  A worm (D:2)
  3 ball pythons (D:1)
  7 endoplasms (D:1)
  A giant cockroach (D:2)
  3 goblins
  2 hobgoblins (D:1)
  A bat (D:1)
  A frilled lizard (D:1)
  3 kobolds (D:1)
  3 rats (D:1)
27 creatures vanquished.

Notes
Turn   | Place    | Note
-------+----------+-------------------------------------------
     0 | D:1      | p00ps00p the Hill Orc Fighter began the quest for the Orb.
     0 | D:1      | Reached XP level 1. HP: 19/19 MP: 1/1
   177 | D:1      | Reached XP level 2. HP: 18/27 MP: 2/2
   399 | D:1      | Reached skill level 4 in Fighting
   506 | D:1      | Reached XP level 3. HP: 33/33 MP: 3/3
   796 | D:2      | Slain by a gnoll

Illustrated notes

Levels and vault maps discovered:
D:1:      psy_arrival_basics, layout_loops_ring, feat_on_display
D:2:      cheibrodos_greedy_goblins, layout_rooms, serial_shops, shop,
          basic_altar, nrook_mini_backslash, hangedman_decor_clover_reticule

Skill      XL: |  1  2 |
---------------+-------+-----
Axes           | 3 |  3.5
Fighting       | 4 |  4.2
Armour         | |  3.8
Shields        | |  3.8

Action                   || total
-------------------------++-------
Melee: War axe           ||    58
  Use: Scroll            ||     2
       Potion            ||     2
Armor: Scale mail        ||    37
Dodge: Dodged            ||    56
Block: Buckler           ||    25

Table legend: (Time is in decaauts)
 A = Elapsed time spent in this place.
 B = Non-inter-level travel time spent in this place.
 C = Inter-level travel time spent in this place.
 D = Time resting spent in this place.
 E = Time spent auto-exploring this place.
 F = Levels seen in this place.
 G = Mean time per level.
                   A        B        C        D        E       F      G
               +--------+--------+--------+--------+--------+-----+--------+
         Total |    818 |    799 |     19 |      0 |    593 |   2 |  409.0 |
       Dungeon |    818 |    799 |     19 |      0 |    593 |   2 |  409.0 |
               +--------+--------+--------+--------+--------+-----+--------+

Top non-repeatable levels by time:
     D:1: 764 daAuts
     D:2: 53 daAuts
